Map: King's Cove LE

Players

soul

  • Race: Terran Terran
  • League: Grandmaster
  • Spawn Location: 11:00

soO - Winner!

  • Race: Zerg Zerg
  • Spawn Location: 5:00

Event: HomeStory Cup XIX

VOD

Have the link to the VOD?

Description

Time

  • Played on: June 28, 2019, 2:54 p.m.
  • Length: 8:14

All games in this series

Show
View Real Time Build Order
Export as new Build Order

soul Terran 

Build Orders: 2 Factory, Gas First Reaper Expand 

Get SALT Encoding   

  12  0:00  SCV  
  13  0:13  SCV  
  14  0:18  Supply Depot  
  14  0:25  SCV  
  15  0:29  Refinery  
  15  0:39  SCV  
  16  0:46  Barracks  
  16  0:52  SCV  
  17  1:04  SCV  
  18  1:16  SCV  
  19  1:33  Orbital Command  
  19  1:34  Factory  
  19  1:36  Reaper  
  20  1:47  Command Center  
  20  1:59  SCV  
  21  2:02  Factory  
  21  2:09  Supply Depot  
  21  2:12  SCV  
  22  2:18  Barracks Reactor  
  22  2:20  Refinery  
  22  2:24  SCV  
  23  2:36  SCV  
  24  2:49  SCV  
  24  2:50  Starport  
  25  2:59  Hellion x2  
  25  3:01  Orbital Command  
  25  3:03  SCV  
  30  3:06  Marine  
  31  3:15  SCV  
  32  3:20  Hellion x2  
  36  3:27  SCV  
  36  3:29  Fusion Core  
  36  3:31  SCV  
  38  3:34  Refinery  
  38  3:37  Refinery  
  38  3:39  SCV  
  38  3:40  Starport Tech Lab  
  39  3:45  SCV  
  40  3:50  Supply Depot  
  40  3:52  SCV  
  41  3:56  Marine  
  41  3:57  SCV  
  44  4:07  SCV  
  46  4:12  Supply Depot  
  45  4:18  Battlecruiser  
  45  4:20  SCV  
  45  4:22  SCV  
  52  4:28  Weapon Refit  
  52  4:32  SCV  
  53  4:39  Starport  
  53  4:41  Factory Tech Lab  
  53  4:42  SCV  
  53  4:44  SCV  
  55  4:49  Bunker  
  55  4:51  Supply Depot  
  54  4:55  SCV  
  54  4:57  Supply Depot  
  54  4:59  SCV  
  56  5:02  Marine  
  56  5:03  Marine  
  58  5:07  SCV  
  58  5:11  SCV  
  58  5:13  Supply Depot  
  60  5:18  Supply Depot  
  60  5:20  SCV  
  60  5:32  Battlecruiser  
  63  5:36  Viking  
  63  5:40  SCV x2  
  67  5:43  Marine  
  67  5:44  Marine  
  67  5:46  Factory Tech Lab  
  69  5:51  Supply Depot  
  69  5:52  SCV  
  69  5:53  SCV  
  71  6:03  Marine  
  72  6:05  SCV x2  
  73  6:13  Marine  
  73  6:17  SCV x2  
  76  6:19  Supply Depot x2  
  76  6:22  Viking  
  78  6:29  SCV  
  78  6:31  Marine  
  70  6:39  Battlecruiser  
  60  6:51  Siege Tank, Marine x2  
Show
View Real Time Build Order
Export as new Build Order

soO Zerg - Winner!

Build Orders: Hatch First 

Get SALT Encoding   

  12  0:00  Drone  
  13  0:12  Overlord  
  13  0:17  Drone  
  14  0:30  Drone x2  
  16  0:49  Hatchery  
  15  0:51  Drone  
  15  0:55  Drone  
  17  0:59  Drone  
  18  1:08  Extractor  
  17  1:14  Spawning Pool  
  17  1:17  Drone  
  17  1:21  Drone  
  18  1:28  Drone  
  19  1:38  Drone  
  20  1:49  Overlord  
  20  2:00  Queen x2  
  25  2:01  Zergling x4  
  26  2:09  Metabolic Boost  
  26  2:12  Drone x2  
  28  2:31  Hatchery  
  28  2:33  Drone  
  28  2:36  Drone  
  29  2:39  Drone  
  30  2:46  Queen  
  32  2:52  Overlord  
  32  2:54  Drone  
  32  2:57  Drone  
  34  3:01  Drone  
  34  3:02  Drone  
  36  3:12  Drone x2  
  38  3:14  Drone  
  38  3:19  Drone  
  40  3:22  Drone, Queen  
  40  3:26  Overlord  
  43  3:30  Zergling x2  
  44  3:41  Overlord  
  44  3:43  Zergling x4, Queen  
  44  3:44  Drone  
  44  3:46  Drone x2  
  44  3:47  Drone  
  52  3:49  Drone  
  52  3:50  Drone  
  54  3:57  Drone  
  54  4:00  Queen  
  57  4:06  Drone x3, Baneling Nest  
  59  4:12  Overlord  
  59  4:17  Lair  
  59  4:18  Overlord  
  59  4:23  Overlord  
  59  4:26  Extractor  
  59  4:27  Overlord  
  58  4:33  Drone x5  
  63  4:40  Queen  
  63  4:43  Drone, Queen  
  68  4:53  Drone  
  68  4:56  Drone  
  68  4:57  Zergling x14  
  77  5:02  Overlord  
  77  5:09  Overlord  
  77  5:16  Spore Crawler x2  
  77  5:17  Spore Crawler  
  77  5:19  Queen x2  
  77  5:20  Nydus Network  
  76  5:25  Overseer  
  76  5:26  Queen  
  78  5:36  Zergling x4  
  78  5:37  Zergling x10  
  78  5:38  Zergling x4  
  85  5:45  Drone x3  
  86  5:50  Baneling x7  
  86  5:58  Nydus Canal  
  86  6:03  Zergling x2  
  86  6:04  Zergling x18  
  93  6:17  Nydus Canal  
  92  6:20  Zergling x12  
  92  6:21  Queen  
  100  6:29  Zergling x2  
  100  6:30  Zergling x4  
  100  6:31  Nydus Canal  
  100  6:38  Zergling x4, Queen  
  102  6:41  Zergling x2  
  97  6:50  Zergling x2  
  97  6:51  Zergling x4  
  97  6:57  Spore Crawler  
  97  6:59  Queen x2  
  93  7:02  Zergling x4  
  93  7:05  Zergling x6  
  98  7:13  Queen  
  98  7:15  Zergling x4  
  98  7:18  Zergling x4, Spore Crawler  
  98  7:19  Zergling x4  
  98  7:20  Zergling x4  
  90  7:35  Queen  
  88  7:39  Zergling x4  
  88  7:40  Zergling x8  
  86  7:54  Zergling x4  
  86  7:55  Zergling x2  
Tags
 
Add a new tag
Caveats
  • Supply blocks, unpowered buildings, or Contaminate may cause inaccurate times.
  • Supply counts are checked every 10 seconds.